 Dungeon Crawl Stone Soup version 0.30-b1-2-g02819fbbbe (webtiles) character file.

Game seed: 15197858288077770677

336 Mesmaeker13 the Shooter (level 6, -2/49 HPs)
             Began as a Barachi Hunter on Aug 2, 2023.
             Slain by a sleepcap (18 damage)
             ... on level 4 of the Dungeon.
             The game lasted 00:05:12 (2899 turns).

Mesmaeker13 the Shooter (Barachi Hunter)            Turns: 2899, Time: 00:05:13

Health: -2/49      AC:  6    Str: 18    XL:     6   Next: 54%
Magic:  6/6        EV:  2    Int:  9    God:
Gold:   88         SH:  0    Dex: 18    Spells: 3/5 levels left

rFire   . . .        r - +2 dagger (venom)
rCold   . . .        (no shield)
rNeg    . . .        c - +0 leather armour
rPois   .            (no helmet)
rElec   .            s - +2 cloak {rCorr}
rCorr   +            (no gloves)
SInv    .            (no boots)
Will    .....        (no amulet)
Stlth   ++           m - +6 ring of strength
HPRegen 0.28/turn    (no ring)
MPRegen 0.10/turn

%: no passive effects
@: sleeping, slow
A: amphibious, slowness 1, strong legs 1, +LOS
a: Hop


You were on level 4 of the Dungeon.
You visited 1 branch of the dungeon, and saw 4 of its levels.
You also visited: Ossuary.

You collected 88 gold pieces.

Inventory:

Hand Weapons
 a - a +0 shortbow
 d - a +0 falchion
 i - a +0 glaive
 r - a +2 dagger of venom (weapon)
Missiles
 x - 2 poisoned darts
Armour
 c - a +0 leather armour (worn)
 s - a +2 cloak of preservation (worn)
Jewellery
 m - a +6 ring of strength (left hand)
Scrolls
 b - 4 scrolls of immolation
 e - 2 scrolls of poison
 g - a scroll of enchant weapon {unknown}
 j - 4 scrolls of magic mapping
 k - 3 scrolls of butterflies
 l - 2 scrolls of amnesia {unknown}
 n - a scroll of enchant armour {unknown}
 q - 2 scrolls of blinking
Potions
 f - a potion of flight
 h - a potion of cancellation
 o - a potion of attraction {unknown}
 p - 3 potions of curing {unknown}
 t - 2 potions of berserk rage {unknown}
 u - a potion of invisibility {unknown}
 v - 2 potions of mutation {unknown}
 w - a potion of ambrosia {unknown}


   Skills:
 + Level 4.6 Fighting
 + Level 5.2 Ranged Weapons
 + Level 4.2 Dodging
 - Level 0.8 Stealth
 + Level 2.7 Transmutations


You had 3 spell levels left.
You knew the following spells:

 Your Spells              Type           Power      Damage    Failure   Level
a - Wereblood             Tmut           4%         N/A       24%         2

Your spell library contained the following spells:

 Spells                   Type           Power      Damage    Failure   Level
 Sublimation of Blood     Necr           0%         N/A       58%         2
 Call Canine Familiar     Summ           0%         N/A       82%         3
 Portal Projectile        Hex/Tloc       0%         N/A       82%         3
 Tukima's Dance           Hex            0%         N/A       82%         3
 Leda's Liquefaction      Hex/Erth       0%         N/A       99%         4
 Blade Hands              Tmut           2%         N/A       99%         5
 Summon Hydra             Summ           0%         N/A       100%        7


Dungeon Overview and Level Annotations

Branches:
Dungeon (4/15)            Ossuary (visited)
 Temple: D:4-7

Altars:
Elyvilon

Annotations:
D:3 2 exclusions


Innate Abilities, Weirdness & Mutations

You are amphibious.
You cover ground slowly.
You can hop short distances.
You have an extended range of vision and can be seen from far away.


Message History

The sleepcap closely misses you.
You hit the sleepcap.
The sleepcap is heavily damaged.
The sleepcap completely misses you.
Unknown command.
You hit the sleepcap but do no damage.
The sleepcap is heavily damaged.
The sleepcap looks more healthy.
The sleepcap releases spores at you.
You are engulfed in a cloud of soporific spores!
You fall asleep.
The sleepcap releases spores at you.
You wake up.
You hit the sleepcap.
The sleepcap is severely damaged.
The sleepcap releases spores at you but does no damage.
Unknown command.
The endoplasm quivers.
You hit the sleepcap but do no damage.
The sleepcap is severely damaged.
The sleepcap closely misses you.
You hit the sleepcap but do no damage.
The sleepcap is poisoned.
The sleepcap is severely damaged.
The orc priest begins to cast a cantrip, but forgets the words!
The sleepcap barely misses you.
Unknown command.
You hit the sleepcap but do no damage.
The sleepcap looks as sick as possible!
The sleepcap is severely damaged.
The sleepcap completely misses you.
You hit the sleepcap.
The sleepcap looks as sick as possible!
The sleepcap is severely damaged.
The sleepcap closely misses you.
Unknown command.
You hit the sleepcap.
The sleepcap is almost destroyed.
The sleepcap releases spores at you.
You are engulfed in a cloud of soporific spores!
You fall asleep.
You are ready to hop once more.
The orc priest looks braver for a moment.
The sleepcap releases spores at you!!
You die...

...............# #......#..
..♣♣♣♣♣........# #......#.. ..♣
♣♣.......# #......#.. .♣♣
♣.......# #......+.. .♣♣
♣.......################..
..♣♣♣♣♣♣.###.....#.....#.......#
...........#.....#.....#.......#
...........#.....#.....#.......#
....#......#....@#.... #.......#
....###....#....f##'####.......#
##'## ##+######+#o.............#
... #J............... .....
#................ .....
#................ ..##.
##########................
#.........................
+.........................


You could see a sleepcap (extremely poisoned), an orc priest and an endoplasm.

Vanquished Creatures
  An elf zombie (Ossuary)
  An orc priest (D:3)
  2 human zombies (Ossuary)
  An orc wizard (D:4)
  3 mummies
  2 adders
  An adder zombie (Ossuary)
  2 worms (D:2)
  2 dart slugs (D:3)
  5 orcs
  4 ball pythons
  6 endoplasms
  2 giant cockroaches (D:1)
  6 goblins
  4 hobgoblins (D:1)
  3 jackals (D:2)
  8 kobolds
  2 quokkas
  6 bats
  4 frilled lizards
  4 goblin zombies
  10 hobgoblin zombies (Ossuary)
  A jackal zombie (Ossuary)
  8 kobold zombies (Ossuary)
  8 orc zombies (Ossuary)
  5 rats
  3 rat zombies (Ossuary)
104 creatures vanquished.

Notes
Turn   | Place    | Note
-------+----------+-------------------------------------------
     0 | D:1      | Mesmaeker13 the Barachi Hunter began the quest for the Orb.
     0 | D:1      | Reached XP level 1. HP: 17/17 MP: 1/1
   104 | D:1      | Reached XP level 2. HP: 23/23 MP: 2/2
   483 | D:1      | Reached XP level 3. HP: 29/29 MP: 3/3
   787 | D:2      | Found a faded altar of an unknown god.
   804 | D:2      | Learned a level 2 spell: Wereblood
   974 | D:2      | Reached XP level 4. HP: 35/35 MP: 4/4
   982 | D:2      | You fall into a shaft and drop 1 floor!
  1333 | D:3      | Found a white marble altar of Elyvilon.
  1437 | D:3      | Reached skill level 1 in Transmutations
  1918 | D:4      | Noticed a bullfrog
  1929 | D:3      | Reached XP level 5. HP: 22/42 MP: 5/5
  2254 | D:4      | Found a sand-covered staircase.
  2284 | Ossuary  | Entered an ossuary
  2497 | Ossuary  | Reached skill level 5 in Ranged Weapons
  2508 | Ossuary  | Reached XP level 6. HP: 33/49 MP: 6/6
  2899 | D:4      | Slain by a sleepcap

Illustrated notes

Levels and vault maps discovered:
D:1:      eino_arrival_water_star, layout_basic, nicolae_figureground_sparkle
D:2:      layout_basic, hellmonk_ecumenical_altar_dog_temple,
          chequers_mini_garden
D:3:      layout_loops_ring, mainiacjoe_overflow_small_starburst
D:4:      layout_gridville, nicolae_ossuary_entry_giza, kennysheep_doodads,
          nrook_campfire

Skill      XL: |  1  2  3  4  5 |
---------------+----------------+-----
Fighting       | 3 4 |  4.6
Dodging        | 3 4 |  4.2
Transmutations | 1 2 |  2.7
Ranged Weapons | 5 |  5.2
Stealth        | |  0.8

Action                     |  1- 3 |  4- 6 || total
---------------------------+-------+-------++-------
  Melee: Glaive            |     1 |    34 ||    35
         Dagger            |       |    25 ||    25
   Fire: Shortbow          |   108 |   164 ||   272
Ability: Hop               |       |     1 ||     1
    Use: Scroll            |     5 |     1 ||     6
 Armour: Leather armour    |    10 |    33 ||    43
  Dodge: Dodged            |    37 |    99 ||   136
